 Dungeon Crawl Stone Soup version 0.28.0 (webtiles) character file.

Game seed: 1446356307075848200

28121 hito the Fighter (level 13, -5/118 HPs)
             Began as a Demonspawn Gladiator on Feb 10, 2022.
             Was an Elder of Kikubaaqudgha.
             Slain by a nine-headed hydra (8 damage)
             ... on level 2 of the Lair of Beasts.
             The game lasted 00:39:26 (11558 turns).

hito the Fighter (Demonspawn Gladiator)            Turns: 11558, Time: 00:39:27

Health: -5/118     AC:  6    Str: 14 (15) XL:     13   Next: 8%
Magic:  9/22       EV: 19    Int: 18      God:    Kikubaaqudgha [****..]
Gold:   161        SH:  0    Dex: 17 (19) Spells: 0/24 levels left

rFire   . . .      SeeInvis .   Q - +8 autumn katana {vorpal, manifold assault}
rCold   . . .      Faith    .   (no shield)
rNeg    . . .      Spirit   .   e - +2 robe {Will+}
rPois   .          Reflect  .   (helmet restricted)
rElec   +          Harm     .   J - +0 cloak
rCorr   .          Rampage  .   (no gloves)
Will    +....                   E - +0 pair of boots
Stlth   ++........              S - amulet of magic regeneration
HPRegen 0.29/turn               h - +4 ring of slaying
MPRegen 0.58/turn               R - ring of Weelan {rElec Int+6}

@: no status effects
A: horns 2, repulsion field 1, foul stench 2, powered by death 2, agile 1,
deterioration 1, robust 1
a: Renounce Religion, Receive Corpses


You were on level 2 of the Lair of Beasts.
You worshipped Kikubaaqudgha.
Kikubaaqudgha was greatly pleased with you.
You visited 3 branches of the dungeon, and saw 13 of its levels.

You collected 716 gold pieces.
You spent 555 gold pieces at shops.

Inventory:

Hand Weapons
 Q - the +8 autumn katana (weapon) {vorpal, manifold assault}
   (You bought it in a shop on level 5 of the Dungeon)

   It sometimes launches melee attacks against multiple visible enemies.
Missiles
 d - 8 throwing nets (quivered)
 l - 217 stones
 L - 3 curare-tipped darts
Armour
 b - a +0 leather armour
 e - a +2 robe of willpower (worn)
 s - +0 ice dragon scales
 y - a +4 ring mail
 E - a +0 pair of boots (worn)
 J - a +0 cloak (worn)
Magical Staves
 r - a staff of cold
Jewellery
 h - a +4 ring of slaying (left hand)
 n - an amulet of regeneration
 x - a ring of fire
 I - an amulet of the acrobat
 R - the ring of Weelan (right hand) {rElec Int+6}
   (You found it on level 2 of the Lair of Beasts)

   [ring of intelligence]

   Int:       It affects your intelligence (+6).
   rElec:     It insulates you from electricity.
 S - an amulet of magic regeneration (around neck)
Wands
 v - a wand of flame (29)
 A - a wand of paralysis (13)
 F - a wand of acid (4)
 K - a wand of iceblast (8)
Scrolls
 f - a scroll of acquirement {unknown}
 g - 9 scrolls of teleportation
 i - a scroll of immolation {unknown}
 j - 3 scrolls of enchant weapon
 k - a scroll of fear {unknown}
 o - a scroll of holy word {unknown}
 q - 3 scrolls of blinking
 t - 2 scrolls of noise {unknown}
 u - a scroll of silence
 C - a scroll of vulnerability
 H - a scroll of fog {unknown}
 M - a scroll of amnesia
 N - a scroll of magic mapping {unknown}
 O - 2 scrolls of enchant armour {unknown}
 P - a scroll of torment {unknown}
Potions
 c - a potion of ambrosia
 m - a potion of haste
 p - 4 potions of curing
 w - a potion of brilliance
 z - 2 potions of invisibility
 B - 4 potions of mutation
 D - a potion of magic
 G - 2 potions of heal wounds
Miscellaneous
 a - a condenser vane


   Skills:
 - Level 12.0 Fighting
 + Level 9.0 Long Blades
 - Level 2.6 Polearms
 - Level 1.7 Throwing
 + Level 8.7 Dodging
 - Level 6.0 Spellcasting
 + Level 11.9 Necromancy
 - Level 4.0 Evocations


You couldn't memorise any spells.
You knew the following spells:

 Your Spells              Type           Power      Damage    Failure   Level
a - Agony                 Necr           48%        N/A       2%          5
b - Death Channel         Necr           24%        N/A       14%         6
c - Vampiric Draining     Necr           48%        2d9       1%          3
d - Corpse Rot            Necr/Air       52%        N/A       1%          2
e - Dispel Undead         Necr           48%        3d18      1%          4
f - Animate Dead          Necr           24%        N/A       1%          4

Your spell library contained the following spells:

 Spells                   Type           Power      Damage    Failure   Level
 Animate Skeleton         Necr           96%        N/A       1%          1
 Sublimation of Blood     Necr           48%        N/A       1%          2
 Excruciating Wounds      Necr           24%        N/A       2%          5
 Apportation              Tloc           10%        N/A       12%         1
 Summon Small Mammal      Summ           20%        N/A       12%         1
 Scorch                   Fire           10%        2d6       19%         2
 Conjure Flame            Conj/Fire      5%         6-21      34%         3
 Dazzling Flash           Conj/Hex       10%        N/A       34%         3
 Ignite Poison            Fire/Tmut/Pois 5%         N/A       34%         3
 Inner Flame              Hex/Fire       5%         N/A       34%         3
 Cause Fear               Hex            2%         N/A       75%         4
 Flame Wave               Conj/Fire      5%         2d5       75%         4
 Sticky Flame             Conj/Fire      5%         2d3       75%         4
 Simulacrum               Ice/Necr       13%        N/A       85%         6
 Silence                  Hex/Air        2%         N/A       97%         5
 Infestation              Necr           24%        N/A       99%         8
 Summon Cactus Giant      Summ           2%         N/A       100%        6
 Haunt                    Necr/Summ      13%        N/A       100%        7
 Malign Gateway           Summ/Tloc      2%         N/A       100%        7
 Discord                  Hex            2%         N/A       100%        8
 Summon Horrible Things   Summ           2%         N/A       100%        8


Dungeon Overview and Level Annotations

Branches:
Dungeon (10/15)            Temple (1/1) D:5            Lair (2/6) D:10
  Swamp (0/4) Lair:2       Spider (0/4) Lair:2          Orc (0/2) D:10

Altars:
Cheibriados
Elyvilon
Hepliaklqana
Kikubaaqudgha
Makhleb
Nemelex Xobeh
Okawaru
Qazlal
Sif Muna
Uskayaw
Wu Jian
Xom
Yredelemnul
The Shining One

Shops:
D:5 (((


Innate Abilities, Weirdness & Mutations

You have a pair of horns on your head.
You are surrounded by a mild repulsion field. (EV +2)
You sometimes emit foul miasma when damaged in melee.
You regenerate health from kills.
You are agile. (Dex +2)
Your body sometimes deteriorates upon taking damage.
You are robust. (+10% HP)


Message History

* * * LOW HITPOINT WARNING * * *
Unknown command.
Casting: Agony (dangerous; 2% risk of failure)
Confirm with . or Enter, or press ? or * to list all spells.
Aiming: Vampiric Draining (safe; 1% risk of failure)
Press: ? - help, Shift-Dir - straight line, f/p - nine-headed hydra
Aim: a nine-headed hydra (foul pestilence, severely wounded)
You draw life force from the nine-headed hydra!
You feel life coursing into your body.
The nine-headed hydra is engulfed in dark miasma.
The nine-headed hydra bites you!
* * * LOW HITPOINT WARNING * * *
Your body deteriorates!
You feel clumsy. The nine-headed hydra bites you.
* * * LOW HITPOINT WARNING * * *
The nine-headed hydra bites you.
* * * LOW HITPOINT WARNING * * *
The nine-headed hydra misses you. x2; The nine-headed hydra bites you.
* * * LOW HITPOINT WARNING * * *
The nine-headed hydra barely misses you.
The nine-headed hydra misses you.
The nine-headed hydra closely misses you.
Casting: Vampiric Draining (safe; 1% risk of failure)
Confirm with . or Enter, or press ? or * to list all spells.
Aiming: Vampiric Draining (safe; 1% risk of failure)
Press: ? - help, Shift-Dir - straight line, f/p - nine-headed hydra
Aim: a nine-headed hydra (foul pestilence, severely wounded)
You draw life force from the nine-headed hydra!
You feel life coursing into your body.
The nine-headed hydra is engulfed in dark miasma.
The nine-headed hydra is poisoned.
The nine-headed hydra closely misses you.
The nine-headed hydra bites you!
* * * LOW HITPOINT WARNING * * *
The nine-headed hydra completely misses you.
The nine-headed hydra bites you!
* * * LOW HITPOINT WARNING * * *
The nine-headed hydra bites you!
You die...
Kikubaaqudgha rasps: "You have failed me!
Welcome... death!"

♣...##...######P..#
....##...P.#P.##.##
...###...........#
..###....###.##..##
.## ##...######...#
.## #.....# #..##
.P###....## #..##
....#....# #...#
......P..# #.@.#
.........# #..D##
##..##...# #...#
.###.#...# #...#
#....# #P..# ....#
#...# ...# #...# .#
.#..#


You could see a nine-headed hydra (poisoned).

Vanquished Creatures
  A boulder beetle (Lair:2)
  An ice dragon (D:9)
  Harold (D:7)
  The ghost of Clumpoid the Brawler, a novice TrMo of Gozag (D:9)
  3 death yaks (D:10)
  A bog body (Lair:1)
  Pikel (D:7)
  2 wolf spiders (Lair:2)
  4 elephants
  A black mamba (Lair:2)
  3 cane toads
  A komodo dragon (Lair:1)
  2 kobold demonologists (D:9)
  A hornet (D:8)
  A dream sheep (Lair:2)
  3 jumping spiders (Lair:2)
  2 shadows
  Sigmund (D:2)
  2 spriggans (Lair:2)
  2 wraiths
  2 wyverns (D:9)
  25 yaks
  2 basilisks
  4 vampire mosquitoes (D:10)
  11 water moccasins
  An orc warrior (D:10)
  A sky beast (D:8)
  An ice beast (D:7)
  2 black bears
  2 ogres
  2 necrophages
  3 wolves (Lair:2)
  2 centaurs
  A phantom (D:4)
  5 kobold brigands
  A gnoll sergeant (D:6)
  3 bullfrogs
  3 scorpions
  A water moccasin skeleton (D:6)
  3 killer bees (D:9)
  7 wights
  3 howler monkeys (D:8)
  3 centaur zombies
  A jelly (D:5)
  A bullfrog zombie (D:7)
  2 orc priests
  2 hounds
  3 gnoll shamans
  A hell rat (D:10)
  8 orc wizards
  A killer bee zombie (D:8)
  A hound skeleton (D:4)
  A howler monkey zombie (D:8)
  19 gnolls
  6 adders
  2 white imps
  An ufetubus (D:7)
  A worm (D:3)
  An adder skeleton (D:4)
  10 dart slugs
  22 orcs
  10 ball pythons
  6 endoplasms
  4 giant cockroaches
  8 hobgoblins
  3 quokkas
  5 bats
  2 frilled lizards (D:1)
  6 goblins
  10 kobolds
  7 rats
266 creatures vanquished.

Vanquished Creatures (others)
  3 orcs (D:9)
  A kobold (D:9)
  3 fungi (Lair:2)
  42 plants
49 creatures vanquished.

Grand Total: 315 creatures vanquished

Notes
Turn   | Place    | Note
-------+----------+-------------------------------------------
     0 | D:1      | hito the Demonspawn Gladiator began the quest for the Orb.
     0 | D:1      | Reached XP level 1. HP: 16/16 MP: 1/1
   122 | D:1      | Gained mutation: You are surrounded by a mild repulsion
                  | field. (EV +2) [demonic ancestry]
   122 | D:1      | Reached XP level 2. HP: 16/23 MP: 2/2
   280 | D:1      | You fall into a shaft and drop 1 floor!
   282 | D:2      | Noticed Sigmund
   297 | D:2      | Killed Sigmund
   298 | D:2      | Reached skill level 4 in Fighting
   298 | D:2      | Gained mutation: You may rarely emit foul miasma when
                  | damaged in melee. [demonic ancestry]
   298 | D:2      | Reached XP level 3. HP: 17/30 MP: 3/3
   298 | D:2      | Reached XP level 4. HP: 21/37 MP: 4/4
   298 | D:2      | Gained mutation: You regenerate a little health from kills.
                  | [demonic ancestry]
   298 | D:2      | Reached XP level 5. HP: 24/42 MP: 5/5
  1687 | D:2      | Found a faded altar of an unknown god.
  1692 | D:2      | Prayed at the altar of an unknown god.
  1692 | D:2      | Became a worshipper of Xom of Chaos
  2201 | D:3      | Noticed a water moccasin
  2207 | D:3      | XOM: potion effect (curing)
  2219 | D:3      | Killed a water moccasin
  2220 | D:3      | Reached skill level 5 in Fighting
  2220 | D:3      | Reached skill level 5 in Dodging
  2220 | D:3      | Gained mutation: You have a pair of small horns on your
                  | head. [demonic ancestry]
  2220 | D:3      | Reached XP level 6. HP: 46/51 MP: 6/6
  2633 | D:4      | XOM: cast spell 'Call Canine Familiar'
  2839 | D:4      | Learned a level 5 spell: Agony
  2843 | D:4      | XOM: divination: detect items
  2922 | D:4      | Reached XP level 7. HP: 56/56 MP: 7/7
  2999 | D:4      | Found a stormy altar of Qazlal.
  3060 | D:5      | Entered Level 5 of the Dungeon
  3068 | D:5      | Reached skill level 1 in Necromancy
  3149 | D:5      | XOM: silly message
  3341 | D:5      | Found Ithaiw's Weapon Shoppe.
  3388 | D:5      | Found a staircase to the Ecumenical Temple.
  3399 | D:5      | Reached skill level 6 in Fighting
  3401 | D:5      | Found Winn's Weapon Shoppe.
  3408 | Temple   | Entered the Ecumenical Temple
  3481 | Temple   | Fell from the grace of Xom
  3483 | Temple   | Became a worshipper of Kikubaaqudgha
  3795 | D:5      | Reached skill level 1 in Evocations
  4069 | D:5      | Reached XP level 8. HP: 64/64 MP: 8/8
  4091 | D:5      | Found Ziqac's Weapon Shoppe.
  4325 | D:6      | Reached * piety under Kikubaaqudgha
  4325 | D:6      | Received a gift from Kikubaaqudgha
  4332 | D:6      | Learned a level 1 spell: Animate Skeleton
  4388 | D:6      | XOM: torment (34/65 hp)
  4514 | D:6      | XOM: 3-stop teleportation journey
  4928 | D:7      | Reached skill level 1 in Long Blades
  4994 | D:7      | XOM: 10-stop teleportation journey
  5031 | D:7      | Reached skill level 7 in Fighting
  5090 | D:7      | Noticed Harold
  5123 | D:7      | Killed Harold
  5124 | D:7      | Reached XP level 9. HP: 72/72 MP: 9/9
  5448 | D:7      | XOM: noise
  5474 | D:7      | Noticed Pikel
  5485 | D:7      | Killed Pikel
  5486 | D:7      | Reached skill level 8 in Fighting
  5487 | D:7      | Reached ** piety under Kikubaaqudgha
  5539 | D:7      | XOM: give mutations
  5539 | D:7      | Gained mutation: You have a pair of horns on your head.
                  | [Xom's grace]
  5539 | D:7      | Gained mutation: Your natural rate of healing is unusually
                  | fast. [Xom's grace]
  5539 | D:7      | Gained mutation: You are agile. (Dex +2) [Xom's grace]
  5539 | D:7      | Gained mutation: You are robust. (+10% HP) [Xom's grace]
  5752 | D:7      | Reached skill level 1 in Spellcasting
  5809 | D:8      | XOM: give mutation
  5809 | D:8      | Gained mutation: Your body sometimes deteriorates upon
                  | taking damage. [Xom's mischief]
  5859 | D:8      | Learned a level 3 spell: Vampiric Draining
  5891 | D:8      | Reached skill level 5 in Necromancy
  5925 | D:8      | Reached skill level 5 in Long Blades
  5925 | D:8      | Gained mutation: You regenerate health from kills. [demonic
                  | ancestry]
  5925 | D:8      | Reached XP level 10. HP: 80/88 MP: 13/13
  5941 | D:8      | XOM: summons 3 hostile demons
  6273 | D:8      | Learned a level 2 spell: Corpse Rot
  6568 | D:9      | XOM: give mutation
  6568 | D:9      | Lost mutation: Your natural rate of healing is unusually
                  | fast. [Xom's mischief]
  6594 | D:9      | Noticed a smoke demon
  6597 | D:9      | Noticed a sun demon
  6695 | D:9      | Reached *** piety under Kikubaaqudgha
  6695 | D:9      | Received a gift from Kikubaaqudgha
  6983 | D:9      | Noticed an ice dragon
  7215 | D:9      | Found a runed translucent door.
  7215 | D:9      | Noticed Clumpoid's ghost (novice TrMo)
  7284 | D:9      | XOM: noise
  7404 | D:9      | XOM: noise
  7775 | D:9      | Found a hide-covered altar of Uskayaw.
  7867 | D:9      | Reached skill level 11 in Fighting
  7867 | D:9      | Mutation became permanent: You have a pair of small horns
                  | on your head. [demonic ancestry]
  7867 | D:9      | Gained mutation: You have a pair of horns on your head.
                  | [demonic ancestry]
  7867 | D:9      | Reached XP level 11. HP: 21/104 MP: 8/14
  7869 | D:9      | Killed an ice dragon
  7870 | D:9      | Reached XP level 12. HP: 12/111 MP: 8/15
  8056 | D:9      | Found the +5 demon whip "Spellbinder" {antimagic, Will+}
  8100 | D:9      | Learned a level 4 spell: Dispel Undead
  8107 | D:9      | XOM: noise
  8108 | D:9      | Killed Clumpoid's ghost
  8225 | D:10     | Entered Level 10 of the Dungeon
  8329 | D:10     | Noticed a death yak
  8524 | D:10     | Found a staircase to the Orcish Mines.
  8682 | D:10     | Noticed a death yak
  8717 | D:10     | Noticed a death yak
  8915 | D:5      | Bought the +8 autumn katana {vorpal, manifold assault} for
                  | 555 gold pieces
  8915 | D:5      | Found the +8 autumn katana {vorpal, manifold assault}
  9171 | D:10     | Killed a death yak
  9249 | D:10     | Found a staircase to the Lair.
  9275 | D:10     | Killed a death yak
  9276 | D:10     | Reached skill level 12 in Fighting
  9276 | D:10     | Killed a death yak
  9288 | D:10     | Learned a level 4 spell: Animate Dead
  9311 | Lair:1   | Entered Level 1 of the Lair of Beasts
  9332 | Lair:1   | Reached **** piety under Kikubaaqudgha
  9338 | Lair:1   | Reached skill level 10 in Necromancy
  9494 | Lair:1   | Reached skill level 5 in Spellcasting
 10683 | Lair:2   | Found a staircase to the Swamp.
 10810 | Lair:2   | Found a hole to the Spider Nest.
 10934 | Lair:2   | Identified the ring of Weelan {rElec Int+6}
 11122 | Lair:2   | Gained mutation: You sometimes emit foul miasma when
                  | damaged in melee. [demonic ancestry]
 11122 | Lair:2   | Reached XP level 13. HP: 81/118 MP: 18/22
 11250 | Lair:2   | Learned a level 6 spell: Death Channel
 11558 | Lair:2   | HP: 3/118 [nine-headed hydra (9)]
 11558 | Lair:2   | Slain by a nine-headed hydra

Illustrated notes

Levels and vault maps discovered:
D:1:      dpeg_arrival_round_b, layout_loops_cross,
          minmay_misc_feat_four_crosses, hangedman_decor_slide_cut
D:2:      layout_loops_ring, basic_ecumenical_altar, chequers_mini_garden,
          uniq_sigmund
D:3:      layout_loops_ring, serial_glass, glass_columns_b, glass_columns_c,
          due_unseen_surprise, feat_on_display
D:4:      kennysheep_slugbush, layout_cave_pools,
          gammafunk_temple_overflow_statue
D:5:      layout_loops_ring, minmay_temple_entry_statues, serial_shops, shop,
          shop, nicolae_shop_bloodbath_and_beyond, chequers_decorated_corner,
          kennysheep_cross_bottleneck, kennysheep_cluttered_room
D:6:      layout_basic, elyvilon_altar_5, minmay_holes
D:7:      layout_gridville, uniq_pikel, uniq_harold
D:8:      layout_gridville
D:9:      layout_roguey, nicolae_uskayaw_murder_on_the_dancefloor,
          hellmonk_ghost_happy_afterlife, kennysheep_just_a_vault
D:10:     layout_roguey, dpeg_lair_monsters, orc_0_dummy
Temple:   dpeg_five_rooms_temple
Lair:1:   layout_layer_cave, beast_lair_carwin_11
Lair:2:   layout_long_grid, skrybe_swamp_entry_bodies,
          spider_nest_entry_funnel_web, wad_woods_02

Skill      XL: |  1  2  3  4  5  6  7  8  9 10 11 12 13 |
---------------+----------------------------------------+-----
Dodging        | 3 4 5 6 7 8 |  8.7
Fighting       | 4 5 6 7 8 11 12 | 12.0
Necromancy     | 3 4 5 8 9 11 | 11.9
Evocations     | 2 4 |  4.0
Long Blades    | 3 5 7 8 9 |  9.0
Spellcasting   | 2 6 |  6.0
Polearms       | |  2.6
Throwing       | |  1.7

Action                   |  1- 3 |  4- 6 |  7- 9 | 10-12 | 13-15 || total
-------------------------+-------+-------+-------+-------+-------++-------
Melee: Trident           |    28 |   140 |    36 |       |       ||   204
       Headbutt          |       |     7 |    47 |    86 |     3 ||   143
       Halberd           |       |       |    82 |       |       ||    82
       Scimitar          |       |       |   103 |   214 |       ||   317
       Punch             |       |       |     2 |     9 |       ||    11
       Katana            |       |       |       |   178 |    14 ||   192
 Cast: Animate Skeleton  |       |       |     6 |       |       ||     6
       Agony             |       |       |       |     6 |     4 ||    10
       Dispel Undead     |       |       |       |     9 |       ||     9
       Vampiric Draining |       |       |       |     4 |     2 ||     6
       Animate Dead      |       |       |       |     3 |     2 ||     5
       Corpse Rot        |       |       |       |     1 |       ||     1
Invok: Renounce Religion |       |       |     1 |       |       ||     1
Evoke: Wand              |       |       |     5 |     2 |       ||     7
  Use: Potion            |     1 |       |       |     2 |       ||     3
       Scroll            |       |       |     6 |     9 |       ||    15
 Stab: Sleeping          |     3 |     4 |       |     1 |       ||     8
       Paralysed         |       |       |     2 |       |       ||     2
Armor: Leather armour    |    11 |       |       |       |       ||    11
       Robe              |       |    21 |     6 |    29 |     3 ||    59
       Ring mail         |       |       |    73 |    71 |       ||   144
Dodge: Dodged            |    16 |    94 |   198 |   363 |    21 ||   692
